 Dungeon Crawl Stone Soup version 0.23-a0-375-g66a18ee (webtiles) character file.

732 JeffiDaFish the Sneak (level 7, -5/32 HPs)
             Began as a Spriggan Enchanter on Oct 26, 2018.
             Was a Follower of Sif Muna.
             Killed by divine providence
             ... invoked by an orc priest
              (9 damage)
             ... on level 6 of the Dungeon.
             The game lasted 00:15:17 (4362 turns).

JeffiDaFish the Sneak (Spriggan Enchanter)          Turns: 4362, Time: 00:15:18

Health: -5/32      AC:  2    Str:  4    XL:     7   Next: 45%
Magic:  10/16      EV: 21    Int: 18    God:    Sif Muna [*.....]
Gold:   18         SH:  7    Dex: 17    Spells: 8/17 levels left

rFire    . . .     SeeInvis +   c - +3 dagger (speed)
rCold    . . .     Gourm    .   (shield restricted)
rNeg     . . .     Faith    .   b - +0 robe
rPois    +         Spirit   .   (helmet restricted)
rElec    .         Reflect  +   (no cloak)
rCorr    +         Harm     .   (gloves unavailable)
MR       +....                  (boots unavailable)
Stlth    ++++......             g - +3 amulet of reflection
HPRegen  0.10/turn              f - ring of resist corrosion
MPRegen  0.15/turn              j - ring of poison resistance

@: divine energy, very quick
A: very small, unfitting armour, large bone plates 1, see invisible, herbivore,
speed 3, slow metabolism 2, evolution 1
a: Stop Divine Energy, Renounce Religion


You were on level 6 of the Dungeon.
You worshipped Sif Muna.
Sif Muna was aware of your devotion.
You were very hungry.

You visited 2 branches of the dungeon, and saw 7 of its levels.

You collected 240 gold pieces.
You spent 222 gold pieces at shops.

Inventory:

Hand Weapons
 c - a +3 dagger of speed (weapon)
Armour
 b - a +0 robe (worn)
Jewellery
 f - a ring of resist corrosion (left hand)
 g - a +3 amulet of reflection (around neck)
 j - a ring of poison resistance (right hand)
Wands
 i - a wand of enslavement (7)
 k - a wand of acid (4)
 l - a wand of paralysis (6)
 n - a wand of flame (19)
Scrolls
 e - 2 scrolls of identify
 h - 2 scrolls of teleportation
 m - a scroll of remove curse
Potions
 a - 3 potions of haste
 o - a potion of heal wounds
Comestibles
 d - 7 rations


   Skills:
 + Level 3.2 Short Blades
 + Level 5.4 Dodging
 + Level 6.6 Stealth
 * Level 5.8 Spellcasting
 * Level 6.5 Hexes


You had 8 spell levels left.
You knew the following spells:

 Your Spells              Type           Power        Failure   Level  Hunger
a - Corona                Hex            ####...      1%          1    None
b - Ensorcelled Hibernat  Hex/Ice        ###...       4%          2    None
c - Confuse               Hex            ####....     2%          3    ##.....
d - Dazzling Spray        Conj/Hex       ###...       10%         3    ##.....

Your spell library contained the following spells:

 Spells                   Type           Power        Failure   Level  Hunger
 Tukima's Dance           Hex            ####....     2%          3    ##.....


Dungeon Overview and Level Annotations

Branches:
Dungeon (6/15)             Temple (1/1) D:4

Altars:
Ashenzari
Cheibriados
Dithmenos
Elyvilon
Fedhas
Gozag
Hepliaklqana
Makhleb
Nemelex Xobeh
Qazlal
Ru
Sif Muna
Uskayaw
Vehumet
Wu Jian
Xom
Yredelemnul
Zin
The Shining One

Shops:
D:4 *   D:5 !


Innate Abilities, Weirdness & Mutations

You are very small and have problems with some larger weapons.
You are too small for most types of armour.
You have supernaturally acute eyesight. (SInv)
You are a herbivore.
You cover ground extremely quickly.
You need to consume almost no food.
You are partially covered in large bone plates. (SH +4)
You evolve.


Message History

Confirm with . or Enter, or press ? or * to list all spells.
Aiming: Confuse (safe; 2% risk of failure)
Press: ? - help, Shift-Dir - straight line, f - orc warrior
Aim: an orc warrior, wielding a +0 trident and wearing a +0 chain mail (chance The orc warrior resists with significant effort.
You block the orc's attack.
The orc priest looks braver for a moment.
The orc warrior hits you with a +0 trident!
Ouch! That really hurt!
* * * LOW HITPOINT WARNING * * *
Casting: Confuse (safe; 2% risk of failure)
Confirm with . or Enter, or press ? or * to list all spells.
Aiming: Confuse (safe; 2% risk of failure)
Press: ? - help, Shift-Dir - straight line, f/p - orc warrior
Aim: an orc warrior, wielding a +0 trident and wearing a +0 chain mail (chance The orc warrior resists with significant effort.
You block the orc's attack.
The orc priest invokes the aid of Beogh against you.
Beogh smites you!
You die...

. ##..##### #
....o.).###.###
....##.oo@o...#
. ##[###.#.#
.... # ..##.#
## #.# ..# ###


You could see an orc warrior, an orc priest and 2 orcs.

Vanquished Creatures
  2 centaurs (D:5)
  Blork the orc (D:5)
  A scorpion (D:5)
  3 hounds
  An orc priest (D:6)
  3 orc wizards
  Terence (D:2)
  2 worker ants (D:5)
  A killer bee zombie (D:5)
  A hound skeleton (D:5)
  A mummy (D:5)
  A worker ant zombie (D:5)
  6 adders
  3 worms
  3 leopard geckos
  12 orcs
  2 ball pythons
  6 bats
  6 giant cockroaches
  7 goblins
  6 hobgoblins
  2 jackals (D:4)
  5 kobolds
  A quokka (D:2)
  A ball python skeleton (D:3)
  4 frilled lizards
  A leopard gecko skeleton (D:5)
  9 rats
92 creatures vanquished.

Vanquished Creatures (others)
  A worker ant (D:5)
1 creature vanquished.

Grand Total: 93 creatures vanquished

Notes
Turn   | Place    | Note
-------+----------+-------------------------------------------
     0 | D:1      | JeffiDaFish the Spriggan Enchanter began the quest for the
                  | Orb.
     0 | D:1      | Reached XP level 1. HP: 9/9 MP: 5/5
    74 | D:1      | Reached XP level 2. HP: 13/13 MP: 6/6
   592 | D:2      | Found a blossoming altar of Fedhas.
   618 | D:2      | Reached XP level 3. HP: 16/16 MP: 8/8
   622 | D:2      | Learned a level 2 spell: Ensorcelled Hibernation
   626 | D:2      | Learned a level 3 spell: Confuse
   658 | D:2      | Noticed Terence
   673 | D:2      | Killed Terence
   673 | D:2      | Reached skill level 5 in Stealth
  1249 | D:3      | Reached XP level 4. HP: 21/21 MP: 6/10
  1658 | D:3      | Gained mutation: You are partially covered in large bone
                  | plates. (SH +4) [potion of mutation]
  1658 | D:3      | Gained mutation: You evolve. [potion of mutation]
  1691 | D:3      | Found a shimmering altar of Xom.
  1692 | D:3      | Found a hazy altar of Hepliaklqana.
  1692 | D:3      | Noticed an unseen horror
  1693 | D:3      | Noticed an unseen horror
  1693 | D:3      | Noticed a spectral ugly thing
  2081 | D:3      | Found a radiant altar of Vehumet.
  2081 | D:3      | Found a basalt altar of Yredelemnul.
  2308 | D:4      | Found a staircase to the Ecumenical Temple.
  2326 | Temple   | Entered the Ecumenical Temple
  2365 | Temple   | Became a worshipper of Sif Muna the Loreminder
  2517 | D:4      | Reached XP level 5. HP: 24/24 MP: 12/12
  2565 | D:4      | Reached skill level 5 in Hexes
  2677 | D:4      | Found Gyok's Assorted Antiques.
  2687 | D:4      | Bought a blackened ruby ring for 95 gold pieces
  2687 | D:4      | Bought a scroll labeled MANER NOJOUSAT for 19 gold pieces
  2688 | D:4      | Bought a scroll labeled LUORAPRA DAAFF for 19 gold pieces
  2688 | D:4      | Bought a scroll labeled QISECK QYST for 19 gold pieces
  2871 | D:5      | Entered Level 5 of the Dungeon
  2933 | D:5      | Noticed a centaur
  3006 | D:5      | Reached XP level 6. HP: 16/28 MP: 0/13
  3031 | D:5      | Noticed Blork the orc
  3076 | D:5      | Killed Blork the orc
  3350 | D:5      | Reached skill level 5 in Spellcasting
  3425 | D:5      | Reached * piety under Sif Muna
  3425 | D:5      | Reached skill level 5 in Dodging
  3425 | D:5      | Reached XP level 7. HP: 32/32 MP: 5/15
  3521 | D:5      | Learned a level 3 spell: Dazzling Spray
  3836 | D:5      | Found a snail-covered altar of Cheibriados.
  4062 | D:5      | Found Raunorofaa's Distillery.
  4065 | D:5      | Bought a potion of heal wounds for 70 gold pieces
  4362 | D:6      | Killed from afar by an orc priest

Vault maps used:
D:1:      matt_arrival_debris, minmay_crystal_water, lemuel_another_geyser
D:2:      first_ration, fedhas_altar_2, uniq_terence
D:3:      regret_index_temple_of_mockery,
          chequers_temple_overflow_statue_of_worship
D:4:      temple_doors_e, serial_shops, nicolae_shop_overgrown_old_shop,
          minmay_misc_feat_hallway, minmay_cut_off
D:5:      slow_altar_1, serial_shops, nicolae_shop_behind_doors,
          uniq_blork_the_orc
D:6:      okawaru_trees_2, kiku_gazebo_pond_becter, minivault_14,
          uniq_crazy_yiuf_cottage, uniq_edmund
Temple:   eino_temple_lava

Skill      XL: |  1  2  3  4  5  6  7 |
---------------+----------------------+-----
Hexes          | 4 5 6 |  6.5
Spellcasting   | 3 4 5 |  5.8
Stealth        | 5 6 |  6.6
Short Blades   | 2 3 |  3.2
Dodging        | 4 5 |  5.4

Action                   |  1- 3 |  4- 6 |  7- 9 || total
-------------------------+-------+-------+-------++-------
Melee: Dagger            |   100 |   154 |    42 ||   296
 Cast: Ensorcelled Hiber |     2 |    36 |    14 ||    52
       Confuse           |     1 |     7 |     8 ||    16
       Corona            |       |     2 |       ||     2
       Dazzling Spray    |       |       |     5 ||     5
Invok: Divine Energy     |       |       |     1 ||     1
Evoke: Wand              |       |     1 |       ||     1
  Use: Scroll            |     5 |     8 |     3 ||    16
       Potion            |     1 |     4 |     2 ||     7
 Stab: Sleeping          |    16 |    25 |     6 ||    47
       Confused          |     2 |     4 |     2 ||     8
       Invisible         |       |       |     2 ||     2
  Eat: Ration            |       |       |     1 ||     1
Armor: Robe              |     7 |     4 |       ||    11
Dodge: Dodged            |    49 |    66 |    23 ||   138
Block: Other             |       |    31 |    10 ||    41
       Reflection        |       |       |     2 ||     2

Table legend:
 A = Non-vault XP
 B = Vault XP
 C = Vault XP percentage of total XP
 D = Non-vault monster count
 E = Vault monster count
 F = Vault count percentage of total count
                 A         B        C        D         E       F
            +---------+---------+-------+---------+---------+-------
      Total |     896 |     150 |  14.3 |      87 |       5 |   5.4
            +---------+---------+-------+---------+---------+-------
        D:1 |      32 |       0 |   0.0 |      22 |       0 |   0.0
        D:2 |      60 |      36 |  37.5 |      11 |       1 |   8.3
        D:3 |      62 |       0 |   0.0 |      23 |       0 |   0.0
        D:4 |      78 |       5 |   6.0 |       7 |       2 |  22.2
        D:5 |     623 |     109 |  14.9 |      23 |       2 |   8.0
        D:6 |      41 |       0 |   0.0 |       1 |       0 |   0.0
            +---------+---------+-------+---------+---------+-------
